 Dungeon Crawl Stone Soup version 0.26.1-11-gd32895ea62 (webtiles) character file.

Game seed: 16071241042434086476

39599 DildoBatman the Black Sun (level 14, -7/110 HPs)
             Began as a Formicid Conjurer on July 6, 2021.
             Was a High Priest of Kikubaaqudgha.
             Mangled by an ettin
             ... wielding a +0 dire flail
              (32 damage)
             ... on level 13 of the Dungeon.
             The game lasted 01:17:53 (15155 turns).

DildoBatman the Black Sun (Formicid Conjurer)      Turns: 15155, Time: 01:17:54

Health: -7/110     AC:  8    Str: 12    XL:     14   Next: 40%
Magic:  12/27      EV: 23    Int: 19    God:    Kikubaaqudgha [*****.]
Gold:   1301       SH:  0    Dex: 28    Spells: 11/32 levels left

rFire    + . .     SeeInvis +   a - +4 quarterstaff of Checkmate {flame, rPois rC- Dex+4}
rCold    . . .     Faith    .   (no shield)
rNeg     . . .     Spirit   .   o - +3 troll leather armour
rPois    +         Reflect  .   (helmet unavailable)
rElec    .         Harm     .   (no cloak)
rCorr    .         Rampage  .   (no gloves)
Will     +....                  (no boots)
Stlth    +++++.....             m - amulet of magic regeneration
HPRegen  1.08/turn              l - +6 ring of dexterity
MPRegen  0.45/turn              p - ring "Dyt Equal" {*Corrode rF+ rC+ EV+4 Dex+3}

@: studying Maces & Flails
A: permanent stasis, dig shafts and tunnels, four strong arms, antennae 3, thin
skeletal structure 1, camouflage 1, regeneration 1
a: Dig, Shaft Self, Renounce Religion, Receive Corpses, Torment


You were on level 13 of the Dungeon.
You worshipped Kikubaaqudgha.
Kikubaaqudgha was extremely pleased with you.
You visited 3 branches of the dungeon, and saw 16 of its levels.

You collected 1375 gold pieces.
You spent 74 gold pieces at shops.

Inventory:

Hand Weapons
 a - the +4 quarterstaff of Checkmate (weapon) {flame, rPois rC- Dex+4}
   (You took it off a wight on level 10 of the Dungeon)

   It has been specially enchanted to burn those struck by it, causing extra
   injury to most foes and up to half again as much damage against particularly
   susceptible opponents.
   It affects your dexterity (+4).
   It makes you vulnerable to cold.
   It protects you from poison.
 c - a +4 shortbow
 d - a +1 dagger of electrocution
 e - a +2 short sword of venom
Missiles
 f - 287 stones
 k - 251 arrows
 s - 51 poisoned darts (quivered)
 E - 96 sling bullets
 F - 3 boomerangs
 J - 5 javelins
 M - 32 bolts
 Q - 2 boomerangs of dispersal
Armour
 o - a +3 troll leather armour (worn)
 C - a +2 robe of willpower
 U - a +2 robe of resistance
 V - a +0 kite shield
Magical Staves
 b - an uncursed staff of death
 D - an uncursed staff of air
 O - an uncursed staff of cold
Jewellery
 l - a +6 ring of dexterity (left hand)
 m - an amulet of magic regeneration (around neck)
 n - an uncursed ring of protection from cold
 p - the ring "Dyt Equal" (right hand) {*Corrode rF+ rC+ EV+4 Dex+3}
   (You found it on level 8 of the Dungeon)

   [ring of evasion]

   It affects your evasion (+4).
   It affects your dexterity (+3).
   It protects you from fire.
   It protects you from cold.
   It may corrode you when you take damage.
 q - an uncursed ring of resist corrosion
 y - an uncursed ring of fire
 I - an uncursed ring of wizardry
Wands
 t - a wand of acid (8)
 L - a wand of iceblast (6)
Scrolls
 h - 5 scrolls of enchant weapon
 r - 5 scrolls of fog
 x - 9 scrolls of remove curse
 z - 4 scrolls of identify
 B - a scroll of summoning
 G - a scroll of brand weapon
 K - a scroll of holy word {unknown}
 N - a scroll of magic mapping
 P - a scroll of acquirement {unknown}
 R - a scroll of vulnerability {unknown}
Potions
 g - a potion of flight {unknown}
 i - 3 potions of mutation
 u - a potion of ambrosia {unknown}
 v - a potion of haste {unknown}
 w - 6 potions of curing
 A - 2 potions of heal wounds {unknown}
 H - 3 potions of attraction {unknown}
 T - 2 potions of might
Books
 j - a manual of Maces & Flails
Miscellaneous
 S - a phial of floods


   Skills:
 - Level 10.0 Fighting
 - Level 10.0 Armour
 - Level 7.0 Dodging
 - Level 2.4 Stealth
 * Level 6.7 Shields
 - Level 9.6 Spellcasting
 - Level 6.0 Conjurations
 - Level 12.0 Necromancy
 - Level 5.0 Fire Magic
 - Level 4.0 Air Magic
 - Level 4.0 Poison Magic
 - Level 3.5 Evocations


You had 11 spell levels left.
You knew the following spells:

 Your Spells              Type           Power        Failure   Level
a - Searing Ray           Conj           62%          1%          2
b - Conjure Flame         Conj/Fire      30%          3%          3
c - Magic Dart            Conj           100%         1%          1
d - Vampiric Draining     Necr           26%          1%          3
e - Mephitic Cloud        Conj/Pois/Air  26%          4%          3
f - Dazzling Flash        Conj/Hex       40%          9%          3
h - Dispel Undead         Necr           53%          1%          4
z - Sublimation of Blood  Necr           26%          1%          2

Your spell library contained the following spells:

 Spells                   Type           Power        Failure   Level
 Animate Skeleton         Necr           100%         1%          1
 Pain                     Necr           100%         1%          1
 Animate Dead             Necr           26%          1%          4
 Agony                    Necr           53%          1%          5
 Excruciating Wounds      Necr           26%          1%          5
 Poisonous Vapours        Pois/Air       48%          2%          2
 Death Channel            Necr           26%          11%         6
 Fulminant Prism          Conj/Hex       10%          28%         4
 Iskenderun's Mystic Bla  Conj/Tloc      20%          28%         4
 Freezing Cloud           Conj/Ice/Air   10%          98%         6


Dungeon Overview and Level Annotations

Branches:
Dungeon (13/15)            Temple (1/1) D:5            Lair (0/6) D:9
    Orc (2/2) D:11            Elf (0/3) Orc:2
 Vaults: D:13-14

Altars:
Ashenzari
Cheibriados
Dithmenos
Elyvilon
Fedhas
Gozag
Hepliaklqana
Kikubaaqudgha
Makhleb
Nemelex Xobeh
Okawaru
Qazlal
Ru
Sif Muna
Trog
Uskayaw
Vehumet
Wu Jian
Xom
Yredelemnul
Zin
The Shining One
Beogh
Lugonu

Shops:
Orc:1 !   Orc:2 (?*}

Annotations:
D:13 Snorg


Innate Abilities, Weirdness & Mutations

You cannot be hasted, slowed, berserked, paralysed or teleported.
You can dig through walls and to a lower floor.
Your four strong arms can wield two-handed weapons with a shield.
You have a pair of large antennae on your head. (SInv)
You have a somewhat thin skeletal structure. (Dex +2, Stealth)
Your skin changes colour to match your surroundings (Stealth+).
Your natural rate of healing is unusually fast.


Message History

Press: ? - help, Shift-Dir - straight line, f - ettin, p - scorpion
Aim: an ettin, wielding a +0 dire flail and a +2 dire flail of holy wrath (flame, moderately wounded, very poisoned)
The ettin is heavily wounded.
You feel life coursing into your body.
The phantasmal warrior blinks!
The ettin is engulfed in blazing flames.
The ettin hits you with a +0 dire flail!!
The ettin hits you with a +2 dire flail of holy wrath!!
Casting: Vampiric Draining (safe; 1% risk of failure)
Confirm with . or Enter, or press ? or * to list all spells.
Aiming: Vampiric Draining (safe; 1% risk of failure)
Press: ? - help, Shift-Dir - straight line, f/p - ettin
Aim: an ettin, wielding a +0 dire flail and a +2 dire flail of holy wrath (flame, heavily wounded, very poisoned)
The ettin is severely wounded.
You feel life coursing into your body.
The ettin is engulfed in blazing flames.
The ettin closely misses you.
The ettin hits you with a +2 dire flail of holy wrath!!
You die...
Kikubaaqudgha rasps: "You have failed me!
Welcome... death!"

.<....
.....
....# ...
... #.
#.# #..
#.# #...
#@#
#...###C#
#.....#s#
{
#...#.°.#
### ##.○#
#W§#
#.)..#
##[#{#
.)..?.


You could see an ettin (very poisoned), a phantasmal warrior and a scorpion
(confused).

Vanquished Creatures
  Gastronok (D:11)
  An orc warlord (Orc:2)
  Nessos (D:13)
  The ghost of Almogavar the Cleaver, a journeyman HOFi of Okawaru (Orc:2)
  The ghost of Amplified the Frost Mage, a journeyman BaIE of Makhleb (D:11)
  Josephine (D:13)
  A boulder beetle (D:11)
  16 two-headed ogres
  4 ogre magi (Orc:2)
  A skeletal warrior (D:13)
  Pikel (D:5)
  4 ugly things
  2 orc knights
  2 orc sorcerers
  2 cyclopes
  A manticore (D:12)
  Psyche (D:12)
  Joseph (D:10)
  A gargoyle (D:10)
  A komodo dragon (D:11)
  11 trolls
  A meliai zombie (D:13)
  A shadow (D:10)
  8 yaks
  4 wraiths
  A basilisk (D:12)
  2 wyverns
  5 wargs
  3 water moccasins
  19 orc warriors
  An eye of draining (D:10)
  4 ice beasts
  3 phantoms
  2 black bears
  A necrophage (D:12)
  2 sky beasts
  26 ogres
  5 centaurs (D:12)
  4 lemures (D:7)
  A big kobold (D:10)
  6 bullfrogs
  6 scorpions
  19 killer bees
  A howler monkey (D:5)
  10 wights
  3 centaur zombies
  2 jellies
  A bullfrog zombie (D:12)
  A centaur skeleton (D:11)
  15 orc priests
  A bullfrog skeleton (D:10)
  4 hounds
  6 iguanas
  16 orc wizards
  9 worker ants
  A hound skeleton (D:11)
  Robin (D:1)
  A howler monkey zombie (D:8)
  A worker ant zombie (D:10)
  8 adders
  3 gnolls (D:6)
  2 howler monkey skeletons
  A shadow imp (D:10)
  7 white imps
  An ufetubus (D:10)
  An ooze (D:3)
  An adder zombie (D:9)
  2 worms (D:2)
  An adder skeleton (D:10)
  A dart slug (D:4)
  5 leopard geckos
  77 orcs
  2 ball pythons
  10 bats
  9 giant cockroaches
  13 goblins
  10 hobgoblins
  11 jackals
  10 kobolds
  2 quokkas
  6 frilled lizards
  7 rats
  5 butterflies (D:11)
447 creatures vanquished.

Vanquished Creatures (others)
  5 fungi (D:9)
  5 plants (D:9)
10 creatures vanquished.

Grand Total: 457 creatures vanquished

Notes
Turn   | Place    | Note
-------+----------+-------------------------------------------
     0 | D:1      | DildoBatman the Formicid Conjurer began the quest for the
                  | Orb.
     0 | D:1      | Reached XP level 1. HP: 13/13 MP: 3/3
   202 | D:1      | Reached XP level 2. HP: 17/19 MP: 1/5
   270 | D:1      | Learned a level 2 spell: Searing Ray
   439 | D:1      | Reached XP level 3. HP: 23/24 MP: 1/6
   735 | D:2      | You fall into a shaft and drop 2 floors!
   767 | D:4      | Reached skill level 5 in Conjurations
   767 | D:4      | Reached XP level 4. HP: 26/30 MP: 0/7
   940 | D:2      | Noticed Robin
  1120 | D:2      | Reached XP level 5. HP: 20/35 MP: 3/8
  1279 | D:2      | Found a faded altar of an unknown god.
  1647 | D:2      | Became a worshipper of Ashenzari the Shackled
  1647 | D:2      | Reached * piety under Ashenzari
  1650 | D:2      | Gained mutation: You expend magic power (3 MP) to
                  | strengthen your wands. [potion of mutation]
  1650 | D:2      | Lost mutation: You expend magic power (3 MP) to strengthen
                  | your wands. [potion of mutation]
  1650 | D:2      | Gained mutation: You are frail. (-10% HP) [potion of
                  | mutation]
  1650 | D:2      | Gained mutation: You are partially covered in slimy green
                  | scales. (AC +2) [potion of mutation]
  1651 | D:2      | Lost mutation: You are frail. (-10% HP) [potion of
                  | mutation]
  1651 | D:2      | Lost mutation: You are partially covered in slimy green
                  | scales. (AC +2) [potion of mutation]
  1651 | D:2      | Gained mutation: Your skin changes colour to match your
                  | surroundings (Stealth+). [potion of mutation]
  1651 | D:2      | Gained mutation: You have a somewhat thin skeletal
                  | structure. (Dex +2, Stealth) [potion of mutation]
  1651 | D:2      | Gained mutation: Your natural rate of healing is unusually
                  | fast. [potion of mutation]
  2131 | D:4      | Noticed a phantom
  2176 | D:4      | Reached skill level 1 in Fighting
  2220 | D:4      | Reached skill level 1 in Armour
  2259 | D:4      | Reached XP level 6. HP: 35/43 MP: 3/9
  2601 | D:5      | Entered Level 5 of the Dungeon
  2799 | D:5      | Found a staircase to the Ecumenical Temple.
  2801 | D:5      | Reached ** piety under Ashenzari
  2813 | Temple   | Entered the Ecumenical Temple
  2884 | D:5      | Reached XP level 7. HP: 48/50 MP: 7/12
  2978 | D:5      | Noticed a troll
  3158 | D:5      | Found a hide-covered altar of Uskayaw.
  3341 | D:5      | Found a bloodstained altar of Trog.
  3356 | D:5      | Found a hazy altar of Hepliaklqana.
  3428 | D:5      | Reached skill level 5 in Spellcasting
  3645 | D:6      | Found a shadowy altar of Dithmenos.
  3677 | D:6      | Found an opulent altar of Gozag.
  3685 | D:6      | Reached XP level 8. HP: 56/56 MP: 5/17
  3776 | D:6      | Found a glowing silver altar of Zin.
  4137 | D:6      | Found a broken altar of Ashenzari.
  4137 | D:6      | Found a blossoming altar of Fedhas.
  5273 | D:7      | Noticed Pikel
  5731 | D:7      | Found an ornate altar of the Wu Jian Council.
  5731 | D:7      | Found an iron altar of Okawaru.
  5733 | D:7      | Found a snail-covered altar of Cheibriados.
  5734 | D:7      | Found a shimmering altar of Xom.
  5736 | D:7      | Found a shimmering blue altar of Sif Muna.
  5736 | D:7      | Found a basalt altar of Yredelemnul.
  5738 | D:7      | Found an ancient bone altar of Kikubaaqudgha.
  5804 | D:7      | Fell from the grace of Ashenzari
  5804 | D:7      | Became a worshipper of Kikubaaqudgha
  6291 | D:1      | Killed Robin
  6563 | D:5      | Killed Pikel
  6564 | D:5      | Reached skill level 5 in Fighting
  6564 | D:5      | Reached skill level 5 in Armour
  6564 | D:5      | Reached skill level 3 in Necromancy
  6564 | D:5      | Reached XP level 9. HP: 50/68 MP: 4/19
  6870 | D:6      | Reached skill level 4 in Necromancy
  7191 | D:7      | Reached skill level 5 in Necromancy
  7591 | D:8      | Reached skill level 6 in Necromancy
  7728 | D:8      | Was forgiven by Ashenzari
  7809 | D:8      | Reached skill level 7 in Necromancy
  7815 | D:8      | Reached * piety under Kikubaaqudgha
  7815 | D:8      | Identified Kikubaaqudgha's Almanac of Evil (Kikubaaqudgha
                  | gifted it to you on level 8 of the Dungeon)
  7815 | D:8      | Received a gift from Kikubaaqudgha
  7816 | D:8      | Reached XP level 10. HP: 65/74 MP: 15/20
  7820 | D:8      | Learned a level 2 spell: Sublimation of Blood
  7824 | D:8      | Learned a level 3 spell: Dazzling Flash
  7828 | D:8      | Learned a level 3 spell: Vampiric Draining
  7840 | D:8      | Got a crude amber ring
  7843 | D:8      | Identified the ring "Dyt Equal" {*Corrode rF+ rC+ EV+4
                  | Dex+3} (You found it on level 8 of the Dungeon)
  7923 | D:8      | Found a sacrificial altar of Ru.
  8367 | D:8      | Reached skill level 8 in Necromancy
  9014 | D:9      | Noticed a two-headed ogre
  9083 | D:9      | Learned a level 3 spell: Mephitic Cloud
  9087 | D:9      | Learned a level 3 spell: Conjure Flame
  9095 | D:9      | Reached skill level 1 in Poison Magic
  9131 | D:9      | Found an opulent altar of Gozag.
  9247 | D:9      | Reached skill level 1 in Fire Magic
  9248 | D:9      | Reached skill level 1 in Air Magic
  9382 | D:9      | Killed a two-headed ogre
  9857 | D:9      | Found a staircase to the Lair.
 10031 | D:10     | Entered Level 10 of the Dungeon
 10052 | D:10     | Reached ** piety under Kikubaaqudgha
 10061 | D:10     | Identified the +4 quarterstaff of Checkmate {flame, rPois
                  | rC- Dex+4}
 10083 | D:10     | Reached XP level 11. HP: 60/79 MP: 12/21
 10123 | D:10     | Noticed Joseph
 10148 | D:10     | Killed Joseph
 10189 | D:10     | Noticed a cyclops
 10200 | D:10     | Reached skill level 5 in Fire Magic
 10207 | D:10     | Killed a cyclops
 10208 | D:10     | Reached skill level 9 in Necromancy
 10288 | D:10     | Noticed a two-headed ogre
 10360 | D:10     | Killed a two-headed ogre
 10390 | D:10     | Reached *** piety under Kikubaaqudgha
 10390 | D:10     | Identified Kikubaaqudgha's Incunabulum of Darkness
                  | (Kikubaaqudgha gifted it to you on level 10 of the Dungeon)
 10390 | D:10     | Received a gift from Kikubaaqudgha
 10401 | D:10     | Learned a level 4 spell: Dispel Undead
 10855 | D:11     | Found a runed translucent door.
 10855 | D:11     | Noticed Amplified's ghost (journeyman BaIE)
 10864 | D:11     | Killed Amplified's ghost
 10937 | D:11     | Found a staircase to the Orcish Mines.
 10960 | D:11     | Found a roughly hewn altar of Beogh.
 11233 | D:11     | Noticed Gastronok
 11473 | D:11     | Noticed a red ugly thing
 11491 | D:11     | Killed a red ugly thing
 11492 | D:11     | Reached XP level 12. HP: 58/89 MP: 13/24
 11675 | D:11     | Killed Gastronok
 11704 | D:11     | Reached **** piety under Kikubaaqudgha
 11801 | D:11     | Noticed a boulder beetle
 11913 | D:11     | Found a runed translucent door.
 11915 | D:11     | Found a runed translucent door.
 12050 | D:11     | Killed a boulder beetle
 12198 | Orc:1    | Entered Level 1 of the Orcish Mines
 12494 | Orc:1    | Reached skill level 10 in Necromancy
 12680 | Orc:1    | Reached skill level 5 in Dodging
 12767 | Orc:1    | Found Dusary's Distillery.
 12777 | Orc:1    | Bought a potion of degeneration for 16 gold pieces
 12922 | Orc:2    | Entered Level 2 of the Orcish Mines
 12922 | Orc:2    | Found a staircase to the Elven Halls.
 12929 | Orc:2    | Noticed a two-headed ogre
 12932 | Orc:2    | Noticed a two-headed ogre
 12947 | Orc:1    | Killed a two-headed ogre
 13163 | Orc:2    | Noticed an orc warlord
 13193 | Orc:2    | Killed an orc warlord
 13246 | Orc:2    | Reached XP level 13. HP: 72/99 MP: 4/26
 13486 | Orc:2    | Reached ***** piety under Kikubaaqudgha
 13511 | Orc:2    | Reached skill level 11 in Necromancy
 13517 | Orc:2    | Found a transporter.
 13548 | Orc:2    | Found Xelus's Weapon Shop.
 13548 | Orc:2    | Found Ositaboq's General Store.
 13549 | Orc:2    | Found Ojiant's Magic Scroll Shoppe.
 13549 | Orc:2    | Found Wustuah's Gadget Boutique.
 13629 | Orc:2    | HP: 4/102 [two-headed ogre/+0 giant club (27)]
 13696 | Orc:2    | Bought a scroll of magic mapping for 45 gold pieces
 13696 | Orc:2    | Bought a scroll of noise for 13 gold pieces
 13749 | Orc:2    | Found a transporter.
 13752 | Orc:2    | Noticed Almogavar's ghost (journeyman HOFi)
 13866 | Orc:2    | Reached skill level 10 in Fighting
 13866 | Orc:2    | Reached skill level 10 in Armour
 14058 | Orc:2    | Killed Almogavar's ghost
 14145 | Orc:2    | Reached skill level 12 in Necromancy
 14213 | Orc:2    | Reached skill level 1 in Evocations
 14249 | Orc:2    | Reached XP level 14. HP: 64/110 MP: 13/27
 14515 | D:12     | Noticed Psyche
 14529 | D:12     | Killed Psyche
 14749 | D:12     | Reached skill level 1 in Shields
 14964 | D:13     | Noticed Nessos
 14972 | D:13     | Noticed Snorg
 14979 | D:13     | Killed Nessos
 14988 | D:12     | Reached skill level 5 in Shields
 15036 | D:13     | Noticed Josephine
 15053 | D:13     | Killed Josephine
 15155 | D:13     | Mangled by an ettin

Illustrated notes

Levels and vault maps discovered:
D:1:      saegor_arrival_simple_b, layout_rooms
D:2:      layout_loops_cross, chequers_ecumenical_altar_lobes, uniq_robin
D:3:      layout_rooms
D:4:      layout_cave_pools
D:5:      layout_basic, nzn_hepliaklqana_mist_gate, kennysheep_mini_moat,
          eat_drink_and_be_merry_uskayaw, minmay_temple_entry_mist
D:6:      layout_cave_pods, general_overflow_altar,
          grunt_dithmenos_smoke_and_mirrors, gammafunk_temple_overflow_elements,
          grunt_gozag_breadcrumbs
D:7:      layout_rooms, grunt_temple_overflow_octagram, uniq_pikel
D:8:      layout_basic, hangedman_ru_absence
D:9:      layout_basic, nicolae_overflow_hidden_temple, dpeg_oklobed_lair,
          serial_corexii_hall, chequers_hall_statues_corner_a,
          corexii_hall_statues_t
D:10:     layout_rooms, uniq_joseph
D:11:     lemuel_insect_pit, layout_irregular_city,
          minmay_orc_entry_temple_small, gammafunk_ghost_grave,
          serial_co_window_serial, co_window_paths_a, co_window_corner_a,
          co_window_paths_b, co_window_paths_b, co_window_of_opportunity_a,
          co_window_paths_a, co_window_paths_a, co_window_2corner,
          co_window_broadway_b, co_window_of_opportunity_b, co_window_corner_ca,
          co_window_broadway_b, glass_columns_a, minivault_16, uniq_gastronok
D:12:     layout_small_grid, uniq_psyche
D:13:     minmay_strange_plus, layout_rooms, uniq_nessos, uniq_josephine,
          uniq_urug, uniq_snorg
Temple:   corrupted_temple
Orc:1:    layout_caves, serial_shops, shop
Orc:2:    st_orc_ogre_mass, layout_caves, gammafunk_ghost_arena

Skill      XL: |  1  2  3  4  5  6  7  8  9 10 11 12 13 14 |
---------------+-------------------------------------------+-----
Conjurations   | 4 5 6 |  6.0
Fighting       | 1 2 5 6 8 10 | 10.0
Armour         | 1 2 5 6 8 10 | 10.0
Spellcasting   | 3 6 7 8 9 |  9.6
Necromancy     | 3 7 8 9 10 12 | 12.0
Poison Magic   | 4 |  4.0
Fire Magic     | 4 5 |  5.0
Air Magic      | 3 4 |  4.0
Dodging        | 3 5 7 |  7.0
Evocations     | 1 3 |  3.5
Shields        | 6 |  6.7
Stealth        | |  2.4

Action                   |  1- 3 |  4- 6 |  7- 9 | 10-12 | 13-15 || total
-------------------------+-------+-------+-------+-------+-------++-------
Melee: Club              |    23 |     1 |       |       |       ||    24
       Mace              |       |     4 |       |       |       ||     4
       Short sword       |       |       |    13 |    21 |       ||    34
       Dagger            |       |       |     6 |       |       ||     6
       Quarterstaff      |       |       |       |   132 |   142 ||   274
       Staff             |       |       |       |     4 |       ||     4
 Fire: Hunting sling     |       |   108 |    92 |    64 |     7 ||   271
       Shortbow          |       |       |       |       |     3 ||     3
Throw: Dart              |       |       |     1 |       |       ||     1
 Cast: Magic Dart        |    31 |    14 |     9 |    15 |     4 ||    73
       Searing Ray       |     5 |    28 |    63 |    98 |    31 ||   225
       Conjure Flame     |       |       |       |    36 |    36 ||    72
       Vampiric Draining |       |       |       |    48 |    14 ||    62
       Dispel Undead     |       |       |       |     4 |    15 ||    19
       Mephitic Cloud    |       |       |       |    13 |    47 ||    60
       Sublimation of Bl |       |       |       |       |    14 ||    14
       Dazzling Flash    |       |       |       |       |     1 ||     1
 Abil: Dig               |     3 |     7 |    34 |    48 |     9 ||   101
  Use: Scroll            |       |     6 |       |     8 |       ||    14
       Potion            |       |     2 |     3 |       |     2 ||     7
 Stab: Sleeping          |       |       |       |     4 |       ||     4
       Confused          |       |       |       |     4 |    16 ||    20
Armor: Robe              |    17 |     4 |    12 |       |       ||    33
       Skin              |       |       |    18 |       |       ||    18
       Troll leather arm |       |       |       |    51 |    27 ||    78
Dodge: Dodged            |    31 |    33 |    57 |   293 |   235 ||   649
